[ AOE2 MATCH · #507137711 ]
UnrankedPoles vs Burmese
Player's team · WIN
Rival team · LOSS
[ REPLAY ANALYSIS · EXTRACTED FROM THE RECORDED GAME ]
Feudal
8:53
Castle
20:45
Imperial
30:11
| APM avg | 49.5 |
| APM peak | 107 |
| eAPM avg | 24.4 |
| Villagers / military | 113 / 73 |
Focus
⚔️ 46.6% · 🌾 53.4%
Archer ×51 · Scout Cavalry ×13 · Bombard Cannon ×4 · Trebuchet (Packed) ×2 · Monk ×1 · Scorpion ×1
Feudal
9:16
Castle
14:23
Imperial
—
| APM avg | 62.4 |
| APM peak | 157 |
| eAPM avg | 40.6 |
| Villagers / military | 93 / 79 |
Focus
⚔️ 67.7% · 🌾 32.3%
Spearman ×39 · Knight ×26 · Monk ×7 · Mangonel ×7
Match map
Initial resources + every placement click. Lines = walls · curves = elevation contours. ◆ gold · ⬟ stone · ● berries · ✦ relic · ◌ wall gap
Your base· ✓ Closed at 20:45 · 1t walls · 2 gate(s)
TeKarino's base· ✓ Closed at 14:23 · 63t walls · 2 gate(s)
Smoothed initial terrain · ◌ = detected wall gap · hover for details
Inputs per minute
— jimmyjedi - - TeKarino
Build order — jimmyjedi
First 150 of 302 actions detected
| 0:01 | Queue | Villager (Male) |
| 0:01 | Queue | Villager (Male) |
| 0:01 | Queue | Villager (Male) |
| 0:01 | Queue | Villager (Male) |
| 0:02 | Queue | Villager (Male) |
| 0:03 | Build | House |
| 0:04 | Build | House |
| 1:28 | Queue | Villager (Male) |
| 1:28 | Queue | Villager (Male) |
| 1:50 | Build | Lumber Camp |
| 1:55 | Queue | Villager (Male) |
| 2:21 | Queue | Villager (Male) |
| 2:21 | Queue | Villager (Male) |
| 2:32 | Queue | Villager (Male) |
| 3:03 | Queue | Villager (Male) |
| 3:03 | Queue | Villager (Male) |
| 3:26 | Queue | Villager (Male) |
| 3:26 | Queue | Villager (Male) |
| 3:28 | Build | Mill |
| 3:39 | Queue | Villager (Male) |
| 3:39 | Queue | Villager (Male) |
| 4:06 | Queue | Villager (Male) |
| 4:06 | Queue | Villager (Male) |
| 4:42 | Queue | Villager (Male) |
| 4:42 | Queue | Villager (Male) |
| 4:47 | Queue | Villager (Male) |
| 5:26 | Queue | Villager (Male) |
| 5:42 | Research | Loom |
| 6:28 | Build | House |
| 6:43 | Research | Feudal Age |
| 7:19 | Build | Palisade Wall |
| 7:36 | Build | Mining Camp |
| 7:56 | Queue | Villager (Male) |
| 7:57 | Queue | Villager (Male) |
| 8:20 | Queue | Villager (Male) |
| 8:53 | Age | Feudal Age |
| 9:07 | Research | Double-Bit Axe |
| 9:08 | Queue | Villager (Male) |
| 9:09 | Queue | Villager (Male) |
| 9:13 | Build | Watch Tower |
| 9:18 | Build | Blacksmith |
| 9:33 | Build | House |
| 9:34 | Build | House |
| 9:43 | Queue | Villager (Male) |
| 10:07 | Research | Fletching |
| 10:09 | Queue | Villager (Male) |
| 10:14 | Build | House |
| 10:38 | Queue | Villager (Male) |
| 11:14 | Queue | Villager (Male) |
| 11:27 | Build | Outpost |
| 11:28 | Queue | Villager (Male) |
| 11:34 | Build | Farm |
| 11:42 | Build | Watch Tower |
| 11:56 | Queue | Villager (Male) |
| 12:31 | Queue | Villager (Male) |
| 12:35 | Research | Horse Collar |
| 12:44 | Queue | Villager (Male) |
| 12:48 | Build | House |
| 12:49 | Build | House |
| 13:02 | Queue | Villager (Male) |
| 13:13 | Build | Watch Tower |
| 13:14 | Queue | Villager (Male) |
| 13:15 | Queue | Villager (Male) |
| 13:26 | Build | Farm |
| 13:28 | Build | Farm |
| 13:39 | Queue | Villager (Male) |
| 14:06 | Queue | Villager (Male) |
| 14:06 | Queue | Villager (Male) |
| 14:17 | Queue | Villager (Male) |
| 14:26 | Build | Mill |
| 14:27 | Build | Farm |
| 14:27 | Build | Farm |
| 14:27 | Build | Farm |
| 14:27 | Build | Farm |
| 14:28 | Build | Farm |
| 14:44 | Build | Watch Tower |
| 14:48 | Queue | Villager (Male) |
| 14:48 | Queue | Villager (Male) |
| 15:00 | Build | Watch Tower |
| 15:09 | Build | Farm |
| 15:10 | Queue | Villager (Male) |
| 15:32 | Build | Watch Tower |
| 15:41 | Queue | Villager (Male) |
| 15:47 | Build | Farm |
| 15:48 | Queue | Villager (Male) |
| 15:50 | Build | Farm |
| 15:52 | Build | Farm |
| 15:54 | Queue | Villager (Male) |
| 16:07 | Build | Mining Camp |
| 16:09 | Queue | Villager (Male) |
| 17:05 | Build | Market |
| 17:32 | Build | Barracks |
| 17:39 | Queue | Villager (Male) |
| 18:05 | Research | Castle Age |
| 18:19 | Build | Stable |
| 18:43 | Build | Lumber Camp |
| 18:52 | Queue | Villager (Male) |
| 19:14 | Queue | Villager (Male) |
| 19:59 | Queue | Scout Cavalry |
| 19:59 | Queue | Scout Cavalry |
| 20:00 | Build | Stable |
| 20:23 | Queue | Villager (Male) |
| 20:25 | Queue | Scout Cavalry |
| 20:30 | Research | Scale Barding Armor |
| 20:45 | Age | Castle Age |
| 20:52 | Research | Heavy Plow |
| 20:57 | Queue | Spearman |
| 21:12 | Queue | Scout Cavalry |
| 21:12 | Queue | Scout Cavalry |
| 21:20 | Build | House |
| 21:35 | Build | Siege Workshop |
| 21:45 | Build | Farm |
| 21:46 | Build | Farm |
| 21:48 | Build | Farm |
| 21:51 | Queue | Villager (Male) |
| 21:55 | Queue | Scout Cavalry |
| 22:05 | Research | Forging |
| 22:10 | Queue | Villager (Male) |
| 22:10 | Queue | Villager (Male) |
| 22:30 | Queue | Scout Cavalry |
| 22:30 | Queue | Scout Cavalry |
| 22:30 | Queue | Scout Cavalry |
| 22:44 | Queue | Scout Cavalry |
| 22:44 | Queue | Scout Cavalry |
| 22:50 | Build | Monastery |
| 22:56 | Research | Light Cavalry (upgrade) |
| 22:57 | Queue | Villager (Male) |
| 22:57 | Queue | Villager (Male) |
| 23:03 | Research | Bow Saw |
| 23:21 | Build | Mining Camp |
| 23:22 | Queue | Monk |
| 23:30 | Queue | Villager (Male) |
| 23:30 | Queue | Villager (Male) |
| 24:03 | Queue | Scorpion |
| 24:06 | Queue | Villager (Male) |
| 24:07 | Queue | Villager (Male) |
| 24:19 | Queue | Villager (Male) |
| 24:19 | Queue | Villager (Male) |
| 24:54 | Build | Castle |
| 25:00 | Queue | Scout Cavalry |
| 25:00 | Queue | Scout Cavalry |
| 25:03 | Build | House |
| 25:10 | Build | Mill |
| 25:11 | Build | Farm |
| 25:11 | Build | Farm |
| 25:12 | Build | Farm |
| 25:12 | Build | Farm |
| 25:12 | Build | Farm |
| 25:12 | Build | Farm |
| 25:16 | Build | Farm |
Build order — TeKarino
First 150 of 355 actions detected
| 0:00 | Queue | Villager (Male) |
| 0:02 | Build | House |
| 0:04 | Build | House |
| 0:09 | Queue | Villager (Male) |
| 0:18 | Queue | Villager (Male) |
| 0:22 | Queue | Villager (Male) |
| 1:27 | Queue | Villager (Male) |
| 1:55 | Queue | Villager (Male) |
| 1:55 | Queue | Villager (Male) |
| 2:02 | Build | Lumber Camp |
| 2:19 | Queue | Villager (Male) |
| 2:48 | Queue | Villager (Male) |
| 3:07 | Queue | Villager (Male) |
| 3:39 | Build | House |
| 3:41 | Queue | Villager (Male) |
| 4:00 | Build | House |
| 4:04 | Queue | Villager (Male) |
| 4:04 | Queue | Villager (Male) |
| 4:26 | Queue | Villager (Male) |
| 4:31 | Queue | Villager (Male) |
| 4:51 | Build | Mill |
| 5:04 | Queue | Villager (Male) |
| 5:31 | Queue | Villager (Male) |
| 6:14 | Queue | Villager (Male) |
| 6:28 | Queue | Villager (Male) |
| 6:36 | Build | Mining Camp |
| 7:04 | Research | Feudal Age |
| 7:04 | Research | Feudal Age |
| 9:06 | Queue | Villager (Male) |
| 9:16 | Age | Feudal Age |
| 9:17 | Queue | Villager (Male) |
| 9:20 | Build | Market |
| 9:23 | Build | Blacksmith |
| 9:37 | Build | House |
| 9:41 | Queue | Villager (Male) |
| 9:45 | Build | Palisade Wall |
| 9:49 | Build | Palisade Wall |
| 9:58 | Build | Palisade Wall |
| 9:59 | Build | Palisade Wall |
| 10:07 | Build | Palisade Wall |
| 11:00 | Build | Palisade Wall |
| 11:06 | Research | Loom |
| 11:17 | Build | House |
| 11:23 | Build | Palisade Wall |
| 11:40 | Build | Palisade Wall |
| 11:43 | Research | Castle Age |
| 11:59 | Build | Palisade Wall |
| 12:07 | Build | Palisade Wall |
| 12:35 | Build | Palisade Wall |
| 12:50 | Build | Palisade Wall |
| 13:11 | Queue | Villager (Male) |
| 13:40 | Build | Palisade Wall |
| 14:23 | Age | Castle Age |
| 14:36 | Build | Siege Workshop |
| 14:39 | Queue | Villager (Male) |
| 14:42 | Build | Monastery |
| 14:43 | Queue | Villager (Male) |
| 14:44 | Queue | Villager (Male) |
| 14:47 | Build | Mining Camp |
| 14:59 | Queue | Villager (Male) |
| 15:01 | Queue | Villager (Male) |
| 15:05 | Queue | Mangonel |
| 15:05 | Queue | Mangonel |
| 15:40 | Queue | Monk |
| 15:42 | Build | House |
| 15:46 | Queue | Villager (Male) |
| 15:58 | Queue | Villager (Male) |
| 15:58 | Queue | Villager (Male) |
| 16:11 | Queue | Villager (Male) |
| 16:13 | Build | House |
| 16:17 | Queue | Mangonel |
| 16:17 | Queue | Mangonel |
| 16:49 | Queue | Villager (Male) |
| 17:19 | Queue | Villager (Male) |
| 17:24 | Research | Sanctity |
| 17:24 | Research | Sanctity |
| 17:25 | Queue | Monk |
| 17:32 | Build | House |
| 17:33 | Build | House |
| 17:41 | Queue | Mangonel |
| 17:43 | Build | House |
| 17:44 | Build | House |
| 18:02 | Build | House |
| 18:10 | Queue | Mangonel |
| 18:26 | Build | Farm |
| 18:27 | Build | Farm |
| 18:27 | Build | Farm |
| 18:27 | Build | Farm |
| 18:27 | Build | Farm |
| 18:28 | Build | Farm |
| 18:28 | Build | Farm |
| 18:28 | Build | Farm |
| 18:43 | Build | Mill |
| 18:47 | Build | Farm |
| 18:47 | Build | Farm |
| 18:47 | Build | Farm |
| 18:48 | Build | Farm |
| 18:48 | Build | Farm |
| 18:48 | Build | Farm |
| 18:48 | Build | Farm |
| 19:22 | Queue | Monk |
| 19:29 | Build | Farm |
| 19:30 | Build | Farm |
| 19:30 | Build | Farm |
| 19:30 | Build | Farm |
| 19:30 | Build | Farm |
| 19:30 | Build | Farm |
| 19:31 | Build | Farm |
| 19:48 | Queue | Villager (Male) |
| 21:02 | Queue | Villager (Male) |
| 21:07 | Queue | Villager (Male) |
| 21:17 | Queue | Villager (Male) |
| 21:53 | Queue | Monk |
| 21:54 | Queue | Villager (Male) |
| 22:13 | Queue | Villager (Male) |
| 22:41 | Queue | Villager (Male) |
| 22:52 | Build | House |
| 22:58 | Queue | Villager (Male) |
| 23:00 | Build | Farm |
| 23:01 | Queue | Villager (Male) |
| 23:26 | Build | Farm |
| 23:32 | Queue | Villager (Male) |
| 23:32 | Queue | Villager (Male) |
| 23:41 | Build | Lumber Camp |
| 23:43 | Build | Town Center |
| 23:46 | Build | Farm |
| 23:47 | Queue | Villager (Male) |
| 24:11 | Build | House |
| 24:18 | Queue | Monk |
| 24:18 | Queue | Monk |
| 24:33 | Build | Farm |
| 24:33 | Build | Farm |
| 24:34 | Build | Farm |
| 24:34 | Build | Farm |
| 24:34 | Build | Farm |
| 24:34 | Build | Farm |
| 24:34 | Build | Farm |
| 24:35 | Build | Farm |
| 24:35 | Build | Farm |
| 24:35 | Build | Farm |
| 24:35 | Build | Farm |
| 24:35 | Build | Farm |
| 24:35 | Build | Farm |
| 24:36 | Build | Farm |
| 24:36 | Build | Farm |
| 24:37 | Queue | Villager (Male) |
| 24:37 | Queue | Villager (Male) |
| 24:45 | Queue | Villager (Male) |
| 24:46 | Queue | Villager (Male) |
| 24:52 | Queue | Monk |
Match timeline
| 7:19 | jimmyjedi · wall_segment Palisade Wall x1 |
| 8:53 | jimmyjedi · age_up feudal |
| 9:16 | TeKarino · age_up feudal |
| 9:45 | TeKarino · wall_segment Palisade Wall x8 |
| 9:49 | TeKarino · wall_segment Palisade Wall x7 |
| 9:58 | TeKarino · wall_segment Palisade Wall x7 |
| 9:59 | TeKarino · wall_segment Palisade Wall x1 |
| 10:07 | TeKarino · wall_segment Palisade Wall x8 |
| 10:13 | TeKarino · first_market_sell 100 stone |
| 10:14 | TeKarino · first_market_buy 100 food |
| 11:00 | TeKarino · wall_segment Palisade Wall x6 |
| 11:23 | TeKarino · wall_segment Palisade Wall x3 |
| 11:40 | TeKarino · wall_segment Palisade Wall x1 |
| 11:59 | TeKarino · wall_segment Palisade Wall x2 |
| 12:07 | TeKarino · wall_segment Palisade Wall x1 |
| 12:35 | TeKarino · wall_segment Palisade Wall x8 |
| 12:50 | TeKarino · wall_segment Palisade Wall x6 |
| 13:40 | TeKarino · wall_segment Palisade Wall x11 |
| 14:23 | TeKarino · age_up castle |
| 14:36 | TeKarino · first_building Siege Workshop |
| 14:42 | TeKarino · first_building Monastery |
| 17:32 | jimmyjedi · first_building Barracks |
| 18:04 | jimmyjedi · first_market_buy 100 food |
| 18:19 | jimmyjedi · first_building Stable |
| 20:45 | jimmyjedi · age_up castle |
| 21:35 | jimmyjedi · first_building Siege Workshop |
| 22:50 | jimmyjedi · first_building Monastery |
| 24:54 | jimmyjedi · first_building Castle |
| 25:04 | TeKarino · first_building Barracks |
| 26:36 | TeKarino · wall_segment Stone Wall x3 |
| 26:37 | TeKarino · wall_segment Stone Wall x9 |
| 28:58 | jimmyjedi · first_building Archery Range |
| 30:11 | jimmyjedi · age_up imperial |
| 32:14 | jimmyjedi · first_market_sell 100 food |
| 33:09 | TeKarino · first_building Castle |
| 34:30 | TeKarino · first_building Stable |
| 36:44 | TeKarino · wall_segment Palisade Wall x4 |
| 39:47 | TeKarino · resign |
[ AI ANALYSIS · 1 CREDIT ]
What really happened in this match?
Wolo.gg analyzes every decision: build order, eco, micro, common mistakes by bracket. Personalized analysis on WhatsApp or Discord in 30 seconds.
Civ guide
Poles
Perfil
Jugador #1516626